 Dungeon Crawl Stone Soup version 0.30-a0-782-ge64f9170bb (webtiles) character file.

Game seed: 14294756959143270621

123 theswoord the Twirler (level 4, -1/32 (33) HPs)
             Began as a Demonspawn Gladiator on Feb 18, 2023.
             Killed by divine providence
             ... invoked by an orc priest
              (12 damage)
             ... on level 3 of the Dungeon.
             The game lasted 00:02:09 (1795 turns).

theswoord the Twirler (Demonspawn Gladiator)        Turns: 1795, Time: 00:02:10

HP:   -1/32 (33)    AC:  3    Str: 17    XL:     4   Next: 80%
MP:   4/4           EV: 12    Int:  9    God:
Gold: 111           SH:  0    Dex: 14    Spells: 3/3 levels left

rFire   . . .      SeeInvis .    a - +0 quarterstaff
rCold   . . .      Faith    .    (shield currently unavailable)
rNeg    . . .      Spirit   .    b - +0 leather armour
rPois   .          Reflect  .    (helmet restricted)
rElec   .          Harm     .    (no cloak)
rCorr   .          Rampage  .    (no gloves)
Will    .....                    (no boots)
Stlth   +                        (no amulet)
HPRegen 0.25/turn                (no ring)
MPRegen 0.09/turn                (no ring)

@: confused, lightly drained
A: horns 1, spiny 1
a: no special abilities


You were on level 3 of the Dungeon.
You visited 1 branch of the dungeon, and saw 3 of its levels.

You collected 111 gold pieces.

Inventory:

Hand Weapons
 a - a +0 quarterstaff (weapon)
Missiles
 d - 2 throwing nets (quivered)
 e - a javelin
Armour
 b - a +0 leather armour (worn)
 c - a +1 helmet
Scrolls
 h - a scroll of teleportation
 k - a scroll of amnesia
Potions
 f - a potion of heal wounds
 g - a potion of cancellation {unknown}
 i - a potion of magic {unknown}


   Skills:
 - Level 2.0 Fighting
 + Level 4.1 Staves
 - Level 1.7 Throwing
 - Level 2.6 Dodging
 + Level 3.2 Necromancy


You had 3 spell levels left.
You didn't know any spells.
Your spell library was empty.

Dungeon Overview and Level Annotations

Branches:
Dungeon (3/15)

Altars:


Innate Abilities, Weirdness & Mutations

You have a pair of small horns on your head.
You are partially covered in sharp spines.


Message History

An orc wizard comes into view. It is wielding a +0 dagger.
An orc priest comes into view. It is wielding a +0 dagger.
There are monsters nearby!
As you read the scroll labelled DEFYDIBOIC, it crumbles to dust.
It is a scroll of identify.
f - a potion of heal wounds The orc priest shouts!
An orc comes into view. It is wielding a +0 mace.
The orc shouts!
The orc misses you.
You hit the orc. You headbutt the orc, but do no damage.
The orc hits you but does no damage.
You thump the orc!
You kill the orc!
The orc priest looks satisfied for a moment.
You see here a +0 short sword.
You sock the orc!
You kill the orc!
The orc wizard points at you and mumbles some strange words.
The magic dart hits you.
The orc priest calls down the wrath of Beogh upon you.
Beogh smites you!
* * * LOW HITPOINT WARNING * * *
The orc wizard casts a spell at you.
You are confused.
You are too confused!
You are too confused!
You are too confused!
You are too confused!
You are too confused!
You are too confused!
You bump into the rock wall.
The orc priest looks satisfied for a moment.
You bump into the rock wall.
The orc priest hits you with a +0 dagger.
* * * LOW HITPOINT WARNING * * *
You sock the orc priest!
The orc priest mumbles some strange prayers to Beogh against you.
Beogh smites you!
You die...

#. ...#.##### #.#
#........# # #.#
#........# #. #.#
#........#
#.###.####........#
...#.##..........#
##.#.##.###o.#####
######<......# #o##
#...........## #@#
..#####.....#
#.#####... ..#
####### ##.........
#.#
######...#####..
#.########......###
...............##
############...#
#####


You could see an orc priest and an orc wizard.

Vanquished Creatures
  A necrophage (D:2)
  2 adders (D:2)
  A worm (D:2)
  A dart slug (D:1)
  2 orcs (D:3)
  3 bats
  3 endoplasms
  5 goblins
  3 hobgoblins
  A quokka (D:2)
  6 ball pythons
  A frilled lizard (D:1)
  3 kobolds
  8 rats
40 creatures vanquished.

Notes
Turn   | Place    | Note
-------+----------+-------------------------------------------
     0 | D:1      | theswoord the Demonspawn Gladiator began the quest for the
                  | Orb.
     0 | D:1      | Reached XP level 1. HP: 16/16 MP: 1/1
   148 | D:1      | Reached skill level 3 in Staves
   182 | D:1      | Found a faded altar of an unknown god.
   228 | D:1      | Gained mutation: You are partially covered in sharp spines.
                  | [demonic ancestry]
   228 | D:1      | Reached XP level 2. HP: 20/22 MP: 2/2
   388 | D:1      | Reached skill level 1 in Necromancy
   990 | D:2      | Reached XP level 3. HP: 15/27 MP: 3/3
  1101 | D:2      | Noticed a necrophage
  1116 | D:2      | Killed a necrophage
  1117 | D:2      | Reached skill level 4 in Staves
  1117 | D:2      | Gained mutation: You have a pair of small horns on your
                  | head. [demonic ancestry]
  1117 | D:2      | Reached XP level 4. HP: 27/33 MP: 4/4
  1795 | D:3      | Killed from afar by an orc priest

Skill      XL: |  1  2  3  4 |
---------------+-------------+-----
Staves         | 3 4 |  4.1
Necromancy     | 1 2 3 |  3.2
Fighting       | |  2.0
Throwing       | |  1.7
Dodging        | |  2.6

Action                     |  1- 3 |  4- 6 || total
---------------------------+-------+-------++-------
  Melee: Quarterstaff      |    50 |    29 ||    79
         Headbutt          |       |     4 ||     4
  Throw: Throwing net      |     3 |       ||     3
    Use: Scroll            |     4 |     3 ||     7
   Stab: Sleeping          |     2 |       ||     2
 Armour: Leather armour    |    15 |     3 ||    18
  Dodge: Dodged            |    31 |    11 ||    42

Levels and vault maps discovered:
D:1:      mrwooster_arrival_statue_3, layout_basic, shapermc_ecumenical_altar_gd
D:2:      layout_loops_ring, minivault_4, grunt_ministairs_3
D:3:      layout_rooms, minivault_23, minivault_24
